 Dungeon Crawl Stone Soup version 0.22-a0-803-gd6d8abeff0 (webtiles) character file.

16 PikkenKukken the Skirmisher (level 2, -1/24 HPs)
             Began as a Demonspawn Fighter on July 22, 2018.
             Slain by a jackal (3 damage)
             ... on level 1 of the Dungeon.
             The game lasted 00:01:20 (371 turns).

PikkenKukken the Skirmisher (Demonspawn Fighter)     Turns: 371, Time: 00:01:20

Health: -1/24      AC:  6    Str: 21    XL:     2   Next: 41%
Magic:  2/2        EV:  7    Int:  9    God:
Gold:   72         SH:  9    Dex: 12    Spells: 1/1 levels left

rFire    . . .     SeeInvis .   a - +0 flail
rCold    . . .     Gourm    .   c - +0 shield
rNeg     + . .     Faith    .   b - +0 scale mail
rPois    .         Spirit   .   (helmet restricted)
rElec    .         Reflect  .   (no cloak)
rCorr    .         Harm     .   (no gloves)
MR       .....                  (no boots)
Stlth    ..........             l - amulet of magic regeneration
HPRegen  0.08/turn              e - ring of positive energy
MPRegen  0.33/turn              (no ring)

@: mighty
A: horns 1
a: no special abilities


You were on level 1 of the Dungeon.
You were not hungry.

You visited 1 branch of the dungeon, and saw 1 of its levels.

You collected 72 gold pieces.

Inventory:

Hand Weapons
 a - a +0 flail (weapon)
Armour
 b - a +0 scale mail (worn)
 c - a +0 shield (worn)
Jewellery
 e - a ring of positive energy (left hand)
 l - an amulet of magic regeneration (around neck)
Scrolls
 i - 2 scrolls of identify
Potions
 h - a potion of curing
Comestibles
 f - 2 rations
 g - 2 chunks of flesh


   Skills:
 + Level 3.2 Fighting
 + Level 2.0 Maces & Flails
 + Level 2.9 Armour
 + Level 2.9 Shields


You had one spell level left.
You didn't know any spells.
Your spell library was empty.

Dungeon Overview and Level Annotations

Branches:
Dungeon (1/15)

Altars:


Innate Abilities, Weirdness & Mutations

You have a pair of small horns on your head.


Message History

You barely miss the bat.
The bat is heavily wounded.
The bat hits you.
* * * LOW HITPOINT WARNING * * *
The bat closely misses you.
The jackal bites you but does no damage.
The bat barely misses you. You block the jackal's attack.
The jackal bites you but does no damage.
The rat bites you.
* * * LOW HITPOINT WARNING * * *
The jackal bites you but does no damage.
You barely miss the bat.
The bat is heavily wounded.
You block the bat's attack. x2; The jackal barely misses you.
The jackal bites you.
* * * LOW HITPOINT WARNING * * *
The bat hits you but does no damage. The rat bites you but does no damage.
The jackal bites you but does no damage.
The jackal bites you.
You die...

### ##### ...# #...#
..... ###...###
####.....
#.......####........
####.........gh.r......
.............rh@##
####.#...######b# #
#†..# #.# .# ....## #..
###.# #...... ....
....# #.#.#.# #..##
#... #.#.#.# #..# #..#
. #.#.# #..# #..# #
....# #..# #..#


You could see 2 jackals, a hobgoblin, a bat and 2 rats.

Vanquished Creatures
  An ooze (D:1)
  A dart slug (D:1)
  A jackal (D:1)
  A ball python (D:1)
  3 bats (D:1)
  2 goblins (D:1)
  3 rats (D:1)
12 creatures vanquished.

Notes
Turn   | Place    | Note
-------+----------+-------------------------------------------
     0 | D:1      | PikkenKukken the Demonspawn Fighter began the quest for the Orb.
     0 | D:1      | Reached XP level 1. HP: 18/18 MP: 1/1
    40 | D:1      | Gained mutation: You have a pair of small horns on your head. [demonic ancestry]
    40 | D:1      | Reached XP level 2. HP: 22/24 MP: 2/2
   371 | D:1      | Slain by a jackal

Vault maps used:
D:1:      onia_arrival_handbag

Skill      XL: |  1  2 |
---------------+-------+-----
Maces & Flails | 2 |  2.0
Fighting       | |  3.2
Armour         | |  2.9
Shields        | |  2.9

Action                   || total
-------------------------++-------
Melee: Flail             ||    43
       Headbutt          ||     4
  Use: Scroll            ||     4
       Potion            ||     1
Armor: Scale mail        ||    67
Dodge: Dodged            ||    27
Block: Shield            ||    49

Table legend:
 A = Spawn XP
 B = Non-spawn XP
 C = Spawn XP percentage of total XP
 D = Spawn monster count
 E = Non-spawn monster count
 F = Spawn count percentage of total count
 G = Total turns spent on level
                    A         B        C        D         E        F      G
               +---------+---------+-------+---------+---------+-------+---------
         Total |       0 |      24 |   0.0 |       0 |      12 |   0.0 |   371
               +---------+---------+-------+---------+---------+-------+---------
           D:1 |       0 |      24 |   0.0 |       0 |      12 |   0.0 |   371
               +---------+---------+-------+---------+---------+-------+---------
